 Dungeon Crawl Stone Soup version 0.22-a0-533-g4d20840 (webtiles) character file.

5903 Amnesiac the Thrower (level 10, -3/79 HPs)
             Began as a Spriggan Berserker on June 22, 2018.
             Was an Elder of Trog.
             Slain by Joseph
             ... wielding a +4 quarterstaff of protection
              (22 damage)
             ... on level 9 of the Dungeon.
             The game lasted 00:20:54 (12957 turns).

Amnesiac the Thrower (Spriggan Berserker)          Turns: 12957, Time: 00:20:54

Health: -3/79      AC:  5    Str: 21    XL:     10   Next: 53%
Magic:  11/11      EV: 23    Int:  8    God:    Trog [****..]
Gold:   482        SH:  0    Dex: 17    Spells: 9/9 levels left

rFire    . . .     SeeInvis +   a - +3 scimitar (flame)
rCold    . . .     Gourm    .   (shield restricted)
rNeg     . . .     Faith    .   J - +0 troll leather armour
rPois    .         Spirit   .   (helmet restricted)
rElec    .         Reflect  .   k - +0 cloak
rCorr    +         Harm     .   (gloves unavailable)
MR       +....                  (boots unavailable)
Stlth    ..........             m - amulet of the acrobat
HPRegen  0.63/turn              e - ring of flight
MPRegen  0.12/turn              P - ring of resist corrosion

@: berserking (expiring), very quick
A: very small, unfitting armour, see invisible, herbivore, speed 3, slow
metabolism 2
a: Berserk, Trog's Hand, Brothers in Arms, Renounce Religion, Evoke Flight


You were on level 9 of the Dungeon.
You worshipped Trog.
Trog was greatly pleased with you.
You were very hungry.

You visited 2 branches of the dungeon, and saw 10 of its levels.
You also visited: Ossuary.

You collected 482 gold pieces.

Inventory:

Hand Weapons
 a - a +3 scimitar of flaming (weapon)
 b - a +0 short sword
 R - a +0 hunting sling
Missiles
 d - 126 stones
 o - 42 sling bullets
 G - 3 tomahawks of returning (quivered)
 L - 12 poisoned needles
 M - 4 needles of confusion
 O - 4 needles of sleeping
Armour
 k - a +0 cloak (worn)
 J - a +0 troll leather armour (worn)
Jewellery
 e - a ring of flight (left hand)
 l - an uncursed ring of fire
 m - an amulet of the acrobat (around neck)
 N - an uncursed amulet of inaccuracy
 P - a ring of resist corrosion (right hand)
Wands
 H - a wand of random effects (40)
 K - a wand of iceblast (9)
Scrolls
 f - 8 scrolls of teleportation {!r}
 h - 9 scrolls of identify {!r}
 i - 3 scrolls of enchant weapon {!r, unknown}
 n - a scroll of enchant armour {!r, unknown}
 p - 4 scrolls of blinking {!r, unknown}
 q - 2 scrolls of magic mapping {!r, unknown}
 t - 6 scrolls of remove curse {!r}
 u - a scroll of random uselessness {!r, unknown}
 x - 2 scrolls of fear {!r, unknown}
 y - 2 scrolls of torment {!r, unknown}
 C - a scroll of holy word {!r, unknown}
 I - a scroll of noise {!r, unknown}
 S - a scroll of immolation {!r, unknown}
Potions
 g - 5 potions of lignification {!q, unknown}
 j - 3 potions of invisibility {!q, unknown}
 r - a potion of cancellation {!q, unknown}
 s - 2 potions of brilliance {!q, unknown}
 v - a potion of flight {!q, unknown}
 w - 2 potions of mutation {!q, unknown}
 z - a potion of resistance {!q, unknown}
 A - a potion of degeneration {!q, unknown}
 B - a potion of magic {!q, unknown}
 D - 3 potions of curing {!q, unknown}
 E - 3 potions of haste {!q, unknown}
 F - a potion of heal wounds {!q, unknown}
 Q - a potion of might {!q}
Comestibles
 c - 7 rations


   Skills:
 + Level 6.5 Fighting
 - Level 8.2 Short Blades
 * Level 10.2 Throwing
 - Level 8.0 Dodging
 - Level 8.1 Stealth


You had 9 spell levels left.
You didn't know any spells.
Your spell library contained the following spells:

 Spells                   Type           Power        Failure   Level  Hunger
 Fireball                 Conj/Fire      #.........   100%        5    ######.
 Conjure Flame            Conj/Fire      #.......     83%         3    ####...
 Confuse                  Hex            #.......     83%         3    ####...
 Throw Flame              Conj/Fire      #.....       58%         2    ###....
 Sticky Flame             Conj/Fire      #.......     99%         4    #####..
 Confusing Touch          Hex            #.....       45%         1    ##.....
 Flame Tongue             Conj/Fire      #....        45%         1    ##.....
 Metabolic Englaciation   Hex/Ice        #.........   100%        5    ######.
 Petrify                  Tmut/Erth      #.......     99%         4    #####..
 Inner Flame              Hex/Fire       #.......     83%         3    ####...
 Gell's Gravitas          Tloc           #.........   83%         3    ####...
 Yara's Violent Unravell  Hex/Tmut       #.........   100%        5    ######.


Dungeon Overview and Level Annotations

Branches:
Dungeon (9/15)             Temple (1/1) D:4
   Lair: D:8-11         Orc: D:9-12

Altars:
Ashenzari
Cheibriados
Dithmenos
Elyvilon
Fedhas
Gozag
Hepliaklqana
Kikubaaqudgha
Makhleb
Nemelex Xobeh
Okawaru
Qazlal
Ru
Sif Muna
Trog
Uskayaw
Vehumet
Wu Jian
Xom
Yredelemnul
Zin
The Shining One

Shops:
D:5 =   D:6 %

Annotations:
D:9 Joseph


Innate Abilities, Weirdness & Mutations

You are very small and have problems with some larger weapons.
You are too small for most types of armour.
You have supernaturally acute eyesight. (SInv)
You are a herbivore.
You cover ground extremely quickly.
You need to consume almost no food.


Message History

You are feeling very hungry.
An orc comes into view. It is wielding a flail.
The orc warrior hits you with a hand axe.
The orc warrior hits you from afar with a glaive!!
The crimson imp grins evilly.
The crimson imp closely misses you.
You riposte.
You closely miss the crimson imp. You hit the orc warrior.
You burn the orc warrior.
The orc warrior is moderately wounded.
The orc warrior hits you with a hand axe!
* * * LOW HITPOINT WARNING * * *
You hit the orc warrior. You burn the orc warrior.
The orc warrior is heavily wounded.
An orc comes into view. It is wielding a hand axe.
The orc warrior completely misses you.
The crimson imp blinks!
The orc warrior barely misses you.
You hit the orc warrior. You burn the orc warrior.
The orc warrior is severely wounded.
The orc warrior barely misses you.
The orc warrior hits you with a hand axe.
* * * LOW HITPOINT WARNING * * *
You closely miss the orc warrior.
The orc warrior is severely wounded.
Joseph unwields an uncursed hunting sling.
Joseph wields an uncursed quarterstaff of protection.
Joseph barely misses you.
An orc comes into view.
You closely miss the orc warrior.
The orc warrior is severely wounded.
The orc warrior completely misses you.
The orc warrior hits you with a hand axe!
* * * LOW HITPOINT WARNING * * *
The crimson imp blinks!
Joseph completely misses you.
You slice the orc warrior!! You burn the orc warrior.
You kill the orc warrior!
Trog accepts your kill.
A yak comes into view.
An orc comes into view. It is wielding a hand axe.
The orc warrior completely misses you.
You slice the adder!! You burn the adder.
You kill the adder!
Trog accepts your kill.
The sentinel's mark upon you fades away.
Joseph completely misses you.
A kobold comes into view.
An orc comes into view. It is wielding a trident.
You barely miss the orc warrior. The orc warrior closely misses you.
Joseph barely misses you. The orc warrior closely misses you.
A yak comes into view.
The yak bellows!
You hit the orc warrior. You burn the orc warrior.
The orc warrior is lightly wounded.
You hear a bellow!
You hear an angry hiss.
Joseph closely misses you. The orc warrior closely misses you.
You hear an angry hiss.
A big kobold comes into view. It is wielding a dagger.
You hit the orc warrior. You burn the orc warrior.
The orc warrior is moderately wounded.
You hear a chilling moan.
The orc warrior completely misses you.
You barely miss the orc warrior.
The orc warrior is moderately wounded.
Joseph hits you with an uncursed quarterstaff of protection!!
You die...

######....... ..
.#.######.......
.#.#..............
...Y.#.######..#####
..KY...........#
#K#O##.#.......####
#.#a# ####.#.......
#.#@##. #.#..#####
#.#@##.####†.......
#.#o##.........####
#..#
#.ooo.....#....#
#..##
###o##.#.......#
#... .#
#oo#.##.#....####
#..#..#
##o#.##..........
#..#..#
#...##.....##...
#.....#
##..........#.##
######..#..#
#..####....#


You could see Joseph, 2 yaks, 2 orc warriors, a big kobold, an ogre, a worker
ant and 6 orcs.

Vanquished Creatures
  A two-headed ogre (D:9)
  Erica (D:8)
  A troll (D:7)
  A steam dragon (D:6)
  Grum (D:9)
  A hungry ghost (D:8)
  Menkaure (Ossuary)
  A water moccasin (D:3)
  Duvessa (D:4)
  An orc warrior (D:9)
  An ice beast (D:7)
  An eye of draining (D:7)
  2 phantoms
  2 ogres
  2 wolves (D:9)
  3 centaurs
  A big kobold (D:8)
  3 bullfrogs
  A water moccasin zombie (D:6)
  Dowan (D:4)
  5 scorpions
  12 wights
  A howler monkey (D:8)
  8 crimson imps
  A centaur zombie (D:9)
  4 hounds
  2 quasits
  A bullfrog zombie (D:7)
  2 jellies
  5 orc priests
  3 bullfrog skeletons
  A gnoll shaman (D:4)
  2 orc wizards
  An iguana (D:8)
  9 worker ants
  3 mummies (Ossuary)
  A howler monkey zombie (D:9)
  9 adders
  9 gnolls
  2 shadow imps
  2 oozes (D:1)
  2 worms (D:4)
  4 leopard geckos
  24 orcs
  4 giant cockroaches
  A gnoll zombie (Ossuary)
  7 goblins
  8 hobgoblins
  6 jackals
  10 kobolds
  7 quokkas
  A ball python (D:2)
  7 bats
  3 frilled lizards
  A goblin skeleton (Ossuary)
  2 goblin zombies (Ossuary)
  A hobgoblin skeleton (Ossuary)
  A hobgoblin zombie (Ossuary)
  A kobold skeleton (Ossuary)
  2 kobold zombies (Ossuary)
  A leopard gecko skeleton (D:4)
  An orc zombie (Ossuary)
  9 rats
  4 rat skeletons (Ossuary)
217 creatures vanquished.

Vanquished Creatures (others)
  4 gnoll zombies (Ossuary)
  A quokka (D:7)
  3 gnoll skeletons (Ossuary)
  3 goblin skeletons (Ossuary)
  3 goblin zombies (Ossuary)
  A hobgoblin skeleton (Ossuary)
  3 hobgoblin zombies (Ossuary)
  5 orc skeletons (Ossuary)
  5 orc zombies (Ossuary)
  6 rat skeletons (Ossuary)
  3 rat zombies (Ossuary)
37 creatures vanquished.

Grand Total: 254 creatures vanquished

Notes
Turn   | Place    | Note
-------+----------+-------------------------------------------
     0 | D:1      | Amnesiac the Spriggan Berserker began the quest for the Orb.
     0 | D:1      | Reached XP level 1. HP: 11/11 MP: 2/2
    25 | D:1      | Reached skill level 1 in Stealth
   267 | D:1      | Reached XP level 2. HP: 14/16 MP: 3/3
   691 | D:1      | Reached XP level 3. HP: 19/19 MP: 4/4
  1324 | D:2      | Reached ** piety under Trog
  1445 | D:2      | Reached XP level 4. HP: 22/23 MP: 5/5
  2007 | D:3      | Reached skill level 5 in Dodging
  2451 | D:2      | Reached skill level 1 in Throwing
  2730 | D:3      | Reached XP level 5. HP: 21/27 MP: 6/6
  3164 | D:4      | Noticed Duvessa
  3192 | D:4      | Noticed Dowan
  3231 | D:4      | Reached skill level 5 in Short Blades
  3231 | D:4      | Reached skill level 5 in Stealth
  3313 | D:4      | Reached XP level 6. HP: 22/32 MP: 7/7
  3388 | D:4      | Found a staircase to the Ecumenical Temple.
  3410 | D:4      | Reached *** piety under Trog
  3536 | D:4      | Found a sand-covered staircase.
  3553 | Ossuary  | Entered an ossuary
  4075 | Ossuary  | Noticed Menkaure
  4798 | Ossuary  | Killed Menkaure
  5000 | D:4      | Reached XP level 7. HP: 30/35 MP: 8/8
  5237 | D:4      | Killed Duvessa
  5245 | D:4      | Killed Dowan
  5491 | Temple   | Entered the Ecumenical Temple
  5801 | D:5      | Entered Level 5 of the Dungeon
  6553 | D:5      | Found Pauts's Jewellery Shop.
  6691 | D:5      | Reached XP level 8. HP: 39/39 MP: 9/9
  8140 | D:6      | Reached skill level 2 in Throwing
  8275 | D:6      | Found Fauteso's Food Shoppe.
  8990 | D:6      | Reached skill level 3 in Throwing
  9533 | D:6      | Found a burning altar of Makhleb.
  9786 | D:6      | Reached skill level 4 in Throwing
 10394 | D:7      | Noticed a troll
 10414 | D:7      | Reached skill level 5 in Throwing
 10505 | D:7      | Killed a troll
 10505 | D:7      | Reached XP level 9. HP: 44/45 MP: 10/10
 10552 | D:7      | Found a white marble altar of Elyvilon.
 10670 | D:7      | Reached **** piety under Trog
 10693 | D:7      | Received a gift from Trog
 10693 | D:7      | Reached skill level 6 in Throwing
 11353 | D:7      | Received a gift from Trog
 11636 | D:8      | Reached skill level 7 in Throwing
 11765 | D:8      | Reached skill level 5 in Fighting
 11851 | D:8      | Reached skill level 8 in Throwing
 11887 | D:8      | Found a sacrificial altar of Ru.
 11970 | D:8      | Received a gift from Trog
 12335 | D:8      | Reached XP level 10. HP: 52/52 MP: 11/11
 12439 | D:8      | Found an ancient bone altar of Kikubaaqudgha.
 12445 | D:8      | Found a shattered altar of Ashenzari.
 12454 | D:8      | Noticed Erica
 12464 | D:8      | Killed Erica
 12464 | D:8      | Reached skill level 9 in Throwing
 12657 | D:9      | Received a gift from Trog
 12775 | D:9      | Noticed Grum
 12801 | D:9      | Killed Grum
 12823 | D:9      | Noticed a two-headed ogre
 12825 | D:9      | Noticed Joseph
 12869 | D:9      | Killed a two-headed ogre
 12869 | D:9      | Reached skill level 10 in Throwing
 12957 | D:9      | Slain by Joseph

Vault maps used:
D:1:      erik_arrival_gehennom
D:2:      first_ration, hangedman_decor_growths
D:4:      minmay_temple_entry_overgrown, lightli_ossuary_entry_decrepit_ruins,
          uniq_duvessa
D:5:      serial_shops, shop
D:6:      makhleb_grotto_becter, serial_shops, shop_fountains, uniq_menkaure
D:7:      elyvilon_altar_4
D:8:      minitemple, basic_altar, uniq_erica
D:9:      david_orc_4, uniq_joseph, uniq_grum
Temple:   hc_temple_tempest_star
Ossuary:  ossuary_due_pyramid

Skill      XL: |  1  2  3  4  5  6  7  8  9 10 |
---------------+-------------------------------+-----
Stealth        | 2 3 4 5 6 7 8 |  8.1
Short Blades   | 4 5 6 7 8 |  8.2
Dodging        | 5 6 7 8 |  8.0
Throwing       | 1 5 8 10 | 10.2
Fighting       | 4 5 6 |  6.5

Action                   |  1- 3 |  4- 6 |  7- 9 | 10-12 || total
-------------------------+-------+-------+-------+-------++-------
Melee: Short sword       |   141 |   246 |   361 |     4 ||   752
       Scimitar          |       |       |       |    67 ||    67
 Fire: Hunting sling     |       |    50 |   331 |       ||   381
Throw: Tomahawk          |       |       |   224 |     1 ||   225
Invok: Berserk           |     1 |     1 |     4 |     1 ||     7
 Abil: Evoke Flight      |     1 |       |       |       ||     1
Evoke: Wand              |       |       |     1 |     3 ||     4
  Use: Scroll            |       |       |       |     3 ||     3
 Stab: Sleeping          |     9 |     9 |     3 |     3 ||    24
       Distracted        |       |     1 |       |       ||     1
  Eat: Ration            |       |     4 |     4 |       ||     8
Armor: Animal skin       |    15 |     8 |    18 |       ||    41
       Troll leather arm |       |       |    18 |     4 ||    22
Dodge: Dodged            |   113 |   202 |   530 |    95 ||   940
       Rpst.: Scimitar   |       |       |       |    25 ||    25

Table legend:
 A = Spawn XP
 B = Non-spawn XP
 C = Spawn XP percentage of total XP
 D = Spawn monster count
 E = Non-spawn monster count
 F = Spawn count percentage of total count
 G = Total turns spent on level
                    A         B        C        D         E        F      G
               +---------+---------+-------+---------+---------+-------+---------
         Total |       0 |    8433 |   0.0 |       0 |     214 |   0.0 | 12957
               +---------+---------+-------+---------+---------+-------+---------
           D:1 |       0 |      59 |   0.0 |       0 |      22 |   0.0 |  1041
           D:2 |       0 |      72 |   0.0 |       0 |      19 |   0.0 |  1028
           D:3 |       0 |     262 |   0.0 |       0 |      29 |   0.0 |  1485
           D:4 |       0 |     700 |   0.0 |       0 |      22 |   0.0 |  1261
           D:5 |       0 |     554 |   0.0 |       0 |      10 |   0.0 |  1472
           D:6 |       0 |     906 |   0.0 |       0 |      19 |   0.0 |  2617
           D:7 |       0 |    1158 |   0.0 |       0 |      23 |   0.0 |  1040
           D:8 |       0 |    2719 |   0.0 |       0 |      40 |   0.0 |  1006
           D:9 |       0 |    1779 |   0.0 |       0 |      15 |   0.0 |   337
       Ossuary |       0 |     224 |   0.0 |       0 |      15 |   0.0 |  1386
               +---------+---------+-------+---------+---------+-------+---------
